 Dungeon Crawl Stone Soup version 0.29-a0-321-gf1c400731a (webtiles) character file.

Game seed: 17971703812341207264

3 HotDog the Shield-Bearer (level 1, 0/22 HPs)
             Began as a Troll Fighter on Apr 5, 2022.
             Slain by a worm (8 damage)
             ... on level 1 of the Dungeon.
             The game lasted 00:00:13 (23 turns).

HotDog the Shield-Bearer (Troll Fighter)              Turns: 23, Time: 00:00:14

Health: 0/22       AC:  4    Str: 23    XL:     1   Next: 41%
Magic:  0/0        EV:  8    Int:  4    God:
Gold:   0          SH:  7    Dex:  9    Spells: 0/0 levels left

rFire   . . .      SeeInvis .   a - +0 flail
rCold   . . .      Faith    .   c - +0 kite shield
rNeg    . . .      Spirit   .   b - +0 robe
rPois   .          Reflect  .   (helmet restricted)
rElec   .          Harm     .   (no cloak)
rCorr   .          Rampage  .   (gloves unavailable)
Will    .....                   (boots unavailable)
Stlth   +.........              (no amulet)
HPRegen 0.87/turn               (no ring)
MPRegen 0.07/turn               (no ring)

@: no status effects
A: large, unfitting armour, claws 3, regeneration 1, shaggy fur 1, tough skin 1
a: no special abilities


You were on level 1 of the Dungeon.
You visited 1 branch of the dungeon, and saw 1 of its levels.

Inventory:

Hand Weapons
 a - a +0 flail (weapon)
Armour
 b - a +0 robe (worn)
 c - a +0 kite shield (worn)
Potions
 d - a potion of might


   Skills:
 * Level 2.4 Fighting
 * Level 1.7 Maces & Flails
 * Level 2.4 Dodging
 * Level 2.5 Shields


You couldn't memorise any spells.
You didn't know any spells.
Your spell library was empty.

Dungeon Overview and Level Annotations

Branches:
Dungeon (1/15)

Altars:


Innate Abilities, Weirdness & Mutations

You are too large for most types of armour.
You have claws for hands.
Your natural rate of healing is unusually fast.
You are covered in fur. (AC +1)
You have tough skin. (AC +1)


Message History

You barely miss the kobold.
The kobold is severely wounded.
The kobold closely misses you. The worm bites you.
You are too injured to fight recklessly!
There are monsters nearby!
You are too injured to fight recklessly!
There are monsters nearby!
You are too injured to fight recklessly!
There are monsters nearby!
You are too injured to fight recklessly!
There are monsters nearby!
You are too injured to fight recklessly!
Unknown command.
You are too injured to fight recklessly!
Unknown command.
You are too injured to fight recklessly!
You barely miss the kobold.
The kobold is severely wounded.
The kobold closely misses you. The worm closely misses you.
The kobold barely misses you.
You barely miss the kobold.
The kobold is severely wounded.
You block the kobold's attack.
You hit the kobold.
You kill the kobold!
The worm bites you.
You barely miss the worm. You block the worm's attack.
The worm bites you but does no damage.
You sock the worm!
The worm is severely wounded.
The worm bites you!
* * * LOW HITPOINT WARNING * * *
The worm barely misses you.
You completely miss the worm.
The worm is heavily wounded.
The worm completely misses you.
You hit the worm.
The worm is almost dead.
The worm barely misses you. The worm bites you!
You die...

### #
##.## .##
#..<#...
#..##.###
#........
#........
#!.......
#........
#@w......
#)w......
+........
#........
#...#####
.....
..####
...


You could see 2 worms.

Vanquished Creatures
  2 jackals (D:1)
  A kobold (D:1)
3 creatures vanquished.

Notes
Turn   | Place    | Note
-------+----------+-------------------------------------------
     0 | D:1      | HotDog the Troll Fighter began the quest for the Orb.
     0 | D:1      | Reached XP level 1. HP: 22/22 MP: 0/0
    23 | D:1      | Slain by a worm

Illustrated notes

Levels and vault maps discovered:
D:1:      saegor_arrival_simple_a, layout_basic, ebering_ecumenical_altar_box,
          serial_bayou_ford_a, nicolae_wormholes

Action                   || total
-------------------------++-------
Melee: Flail             ||    17
Armor: Robe              ||     4
Dodge: Dodged            ||     9
Block: Kite shield       ||     7

Table legend: (Time is in decaauts)
 A = Elapsed time spent in this place.
 B = Non-inter-level travel time spent in this place.
 C = Inter-level travel time spent in this place.
 D = Time resting spent in this place.
 E = Time spent auto-exploring this place.
 F = Levels seen in this place.
 G = Mean time per level.
                   A        B        C        D        E       F      G
               +--------+--------+--------+--------+--------+-----+--------+
         Total |     30 |     30 |      0 |      0 |      3 |   1 |   30.0 |
       Dungeon |     30 |     30 |      0 |      0 |      3 |   1 |   30.0 |
               +--------+--------+--------+--------+--------+-----+--------+

Top non-repeatable levels by time:
     D:1: 30 daAuts
